 Dungeon Crawl Stone Soup version 0.15.2 (webtiles) character file.

2510 plathrop the Grappler (level 9, -1/75 HPs)
             Began as a Ghoul Chaos Knight on Jan 23, 2015.
             Was a Plaything of Xom.
             Slain by an orc warrior
             ... wielding a +0 long sword
              (14 damage)
             ... on Level 7 of the Dungeon.
             The game lasted 00:39:33 (7757 turns).

plathrop the Grappler (Ghoul Chaos Knight)          Turns: 7757, Time: 00:39:33

HP  -1/75        AC  6     Str 16      XL: 9   Next: 53%
MP   7/7         EV 13     Int 10      God: Xom
Gold 248         SH  0     Dex 11      Spells:  0 memorised,  8 levels left

rFire  . . .     SeeInvis .       - Unarmed
rCold  + . .     Clarity  .     e - +3 leather armour
rNeg   + + +     rCorr    +     (no shield)
rPois  +         rRot     +     (no helmet)
rElec  +         Spirit   .     (no cloak)
SustAb .         Warding  .     (no gloves)
rMut   .         NoTele   +     (no boots)
Saprov + + +                    l - amulet "Twegetse" {rCorr -Tele rElec rPois Int+3}
MR     .....                    (no ring)
                                (no ring)

@: rotting, not resistant to hostile enchantments, very unstealthy
A: rotting body, claws 1, carnivore 3, cold resistance 1, negative energy
resistance 3, poison resistance, saprovore 3, slow healing 1, torment
resistance, unbreathing
a: Renounce Religion


You were on level 7 of the Dungeon.
You worshipped Xom.
You were a very special plaything of Xom.
You were not hungry.

You visited 1 branch of the dungeon, and saw 8 of its levels.

You collected 413 gold pieces.
You spent 165 gold pieces at shops.

Inventory:

Missiles
 i - 16 arrows of dispersal
Armour
 e - a +3 leather armour (worn)
Magical devices
 d - a wand of flame (10)
 n - a wand of flame (17)
 r - a wand of polymorph (13) {unknown}
 x - a wand of draining (5) {unknown}
Comestibles
 g - a chunk of orc flesh
 h - 8 meat rations
 t - a beef jerky
 w - a royal jelly
Scrolls
 j - 2 scrolls of fear
 k - 2 scrolls of remove curse
 o - 3 scrolls of teleportation
 u - a scroll of enchant armour
Jewellery
 l - the amulet "Twegetse" (around neck) {rCorr -Tele rElec rPois Int+3}
   (You found it on level 4 of the Dungeon)

   [amulet of resist corrosion]

   It protects you from acid and corrosion.
   It affects your intelligence (+3).
   It insulates you from electricity.
   It protects you from poison.
   It prevents most forms of teleportation.
Potions
 a - 4 potions of haste
 b - 3 potions of curing
 c - a potion of resistance
 f - a potion of brilliance
 m - 2 potions of restore abilities
 q - 2 potions of might
Books
 s - a book of Beasts

   Spells                             Type                      Level
   Summon Butterflies                 Summoning                    1
   Call Canine Familiar               Summoning                    3
   Summon Ice Beast                   Ice/Summoning                4
   Summon Mana Viper                  Hexes/Summoning              5
   Monstrous Menagerie                Summoning                    6
   Summon Hydra                       Summoning                    7


   Skills:
 + Level 5.7 Fighting
 - Level 1.7 Armour
 + Level 6.3 Dodging
 + Level 10.9 Unarmed Combat


You had 8 spell levels left.
You didn't know any spells.

Dungeon Overview and Level Annotations

Branches:
Dungeon (8/15)             Temple (0/1) D:6
   Lair: D:8-11

Altars:
Ashenzari
Fedhas
Makhleb
Okawaru
Vehumet
Xom

Shops:
D:5 %

Annotations:
D:7 exclusion: oklob plant


Innate Abilities, Weirdness & Mutations

Your body is rotting away.
You have sharp fingernails.
You are carnivorous and can eat meat at any time.
Your flesh is cold resistant.
You are immune to negative energy.
Your system is resistant to poisons.
You thrive on rotten meat.
You heal slowly when monsters are visible.
You are immune to unholy pain and torment.
You can survive without breathing.


Message History

The orc warrior barely misses you.
You closely miss the orc warrior.
The orc warrior is heavily wounded.
The orc warrior hits you with a long sword!
You barely miss the orc warrior.
The orc warrior is heavily wounded.
You barely miss the orc warrior.
The orc warrior is severely wounded.
The orc warrior barely misses you.
You closely miss the orc warrior. You claw the orc warrior.
The orc warrior is severely wounded.
The orc warrior hits you with a long sword!!
* * * LOW HITPOINT WARNING * * *
Xom is mildly amused.
You scratch the orc warrior.
The orc warrior is almost dead.
You scratch the orc warrior.
The orc warrior is almost dead.
The orc warrior hits you with a long sword!
You die...

#....#
###.#...##...###.#...#.
#....#
#.....########.#.#...
####.#
#.)#...........#.#... #
#.#####..#.....##....#.#.##
#
#..............##...##...<.
#
########.#.....##..........
# #.#.######...###.#.. #
#####..o# #...# #.##. #
#......@# #...# #.... #
#.......### ##### ##### #
#......>..# # #......#### #
#.....[# # #......# #
######## # #


You could see an orc warrior (bleeding).

Vanquished Creatures
  A wyvern (D:8)
  2 orc warriors
  An ice beast (D:6)
  A phantom (D:4)
  2 sky beasts
  5 ogres
  Sigmund (D:2)
  A big kobold (D:7)
  A giant frog (D:7)
  A water moccasin skeleton (D:8)
  An iron imp (D:3)
  2 wights (D:7)
  4 crimson imps
  6 orc priests
  2 jellies
  4 hounds
  An iguana (D:4)
  5 worker ants
  An ogre skeleton (D:5)
  4 gnolls (D:6)
  6 adders
  3 giant mites
  A worm (D:2)
  A goliath beetle zombie (D:5)
  A shadow imp (D:7)
  An orc zombie (D:6)
  An adder zombie (D:5)
  4 giant geckos
  17 orcs
  A giant cockroach (D:7)
  12 hobgoblins
  6 jackals
  2 ball pythons
  12 bats
  6 giant newts
  10 goblins
  A hobgoblin skeleton (D:4)
  12 kobolds
  A kobold zombie (D:5)
  2 quokkas
  A quokka skeleton (D:5)
  10 rats
157 creatures vanquished.

Vanquished Creatures (collateral kills)
  An ice beast (D:7)
  An ogre (D:7)
  A scorpion (D:7)
  A jelly (D:5)
  An iguana (D:7)
  2 orcs (D:7)
  4 kobolds (D:7)
11 creatures vanquished.

Vanquished Creatures (others)
  2 wights (D:7)
  A crimson imp (D:6)
  2 fungi (D:7)
5 creatures vanquished.

Grand Total: 173 creatures vanquished

Notes
Turn   | Place    | Note
--------------------------------------------------------------
     0 | D:1      | plathrop, the Ghoul Chaos Knight, began the quest for the Orb.
     0 | D:1      | Reached XP level 1. HP: 19/19 MP: 1/1
    87 | D:1      | Reached XP level 2. HP: 26/26 MP: 2/2
   108 | D:1      | XOM: harmless Necr miscast
   182 | D:1      | Reached skill level 4 in Unarmed Combat
   212 | D:1      | XOM: confuse monster(s)
   875 | D:2      | XOM: enchant monster (good)
   876 | D:2      | Reached XP level 3. HP: 30/30 MP: 3/3
  1098 | D:2      | Found an iron altar of Okawaru.
  1109 | D:2      | Found a shattered altar of Ashenzari.
  1113 | D:2      | Found a burning altar of Makhleb.
  1170 | D:2      | Reached skill level 5 in Unarmed Combat
  1184 | D:2      | XOM: noise
  1338 | D:2      | Reached XP level 4. HP: 38/38 MP: 3/3
  1449 | D:2      | XOM: god gift: 18 gold pieces
  1527 | D:2      | XOM: silly message
  1598 | D:2      | Noticed Sigmund
  1625 | D:2      | Killed Sigmund
  1625 | D:2      | Reached skill level 6 in Unarmed Combat
  1625 | D:2      | Reached XP level 5. HP: 3/46 MP: 4/4
  1973 | D:2      | Found a radiant altar of Vehumet.
  1977 | D:2      | Found a shimmering altar of Xom.
  2236 | D:3      | XOM: confusion (+ monsters)
  2652 | D:3      | XOM: mild Hex miscast
  2684 | D:3      | Found a burning altar of Makhleb.
  2696 | D:3      | XOM is BORED!
  2696 | D:3      | XOM: summons 2 hostile demons
  2967 | D:4      | Noticed an ogre
  2969 | D:4      | XOM: noise
  2973 | D:4      | XOM: medium Chrm miscast
  2979 | D:4      | XOM: blink monster(s)
  2985 | D:4      | XOM: noise
  2988 | D:4      | Killed an ogre
  2988 | D:4      | Reached XP level 6. HP: 41/53 MP: 5/5
  3027 | D:4      | Noticed a phantom
  3028 | D:4      | XOM: confuse monster(s)
  3052 | D:4      | XOM: medium Divn miscast
  3084 | D:4      | Got a faintly glowing jade amulet
  3085 | D:4      | Identified the amulet "Twegetse" {rCorr -Tele rElec rPois Int+3} (You found it on level 4 of the Dungeon)
  3120 | D:4      | XOM: noise
  3132 | D:4      | Reached skill level 7 in Unarmed Combat
  3142 | D:4      | XOM: mild Fire miscast
  3302 | D:4      | Killed a phantom
  3302 | D:4      | Reached skill level 5 in Fighting
  3302 | D:4      | Reached XP level 7. HP: 44/61 MP: 5/5
  3309 | D:4      | XOM: medium Hex miscast
  3678 | D:4      | XOM: divination: detect creatures
  3760 | D:5      | Entered Level 5 of the Dungeon
  3827 | D:5      | XOM: divination: detect items
  3839 | D:5      | Reached skill level 8 in Unarmed Combat
  3963 | D:5      | XOM: potion effect (might)
  3968 | D:5      | Reached skill level 1 in Dodging
  4005 | D:5      | Found Thoe's Food Shoppe.
  4013 | D:5      | Bought a meat ration for 50 gold pieces
  4013 | D:5      | Bought a meat ration for 50 gold pieces
  4013 | D:5      | Bought a meat ration for 50 gold pieces
  4013 | D:5      | Bought a beef jerky for 15 gold pieces
  4165 | D:5      | XOM: harmless Trmt miscast
  4324 | D:5      | XOM: divination: magic mapping
  4326 | D:5      | Reached XP level 8. HP: 43/67 MP: 6/6
  4829 | D:5      | XOM: enchant monster (good)
  4838 | D:5      | Reached skill level 9 in Unarmed Combat
  4848 | D:5      | XOM: enchant monster (bad)
  5146 | D:6      | XOM: vitrification
  5367 | D:6      | Found a staircase to the Ecumenical Temple.
  5407 | D:6      | Got a fine dagger
  5408 | D:6      | Identified the +5 dagger of Superiority {elec, rN+ Dex+3} (You found it on level 6 of the Dungeon)
  5469 | D:6      | XOM: confuse monster(s)
  5498 | D:6      | XOM: divine lightning (protected)
  5614 | D:6      | XOM: god gift: embroidered robe {god gift}
  5643 | D:6      | XOM: god gift: 16 arrows of dispersal
  5648 | D:6      | Reached skill level 10 in Unarmed Combat
  6111 | D:6      | XOM: scenery: create altars
  6326 | D:7      | XOM: destruction
  6394 | D:7      | XOM: enchant monster (bad)
  6400 | D:7      | Reached XP level 9. HP: 64/74 MP: 7/7
  6618 | D:7      | Reached skill level 5 in Dodging
  6658 | D:7      | XOM: harmless Tloc miscast
  6663 | D:7      | XOM: confusion
  6672 | D:7      | XOM: divination: detect creatures
  6674 | D:7      | XOM: silly message
  6675 | D:7      | XOM: blink monster(s)
  6772 | D:7      | Found a blossoming altar of Fedhas.
  6788 | D:7      | Noticed an oklob plant
  7050 | D:7      | XOM: harmless Chrm miscast
  7271 | D:8      | XOM: confusion (+ monsters)
  7312 | D:8      | XOM: noise
  7341 | D:7      | XOM: colour smoke trail
  7656 | D:7      | XOM: confusion (+ monsters)
  7757 | D:7      | Slain by an orc warrior

Action                   |  1- 3 |  4- 6 |  7- 9 || total
-------------------------+-------+-------+-------++-------
Melee: Unarmed           |   113 |   183 |   382 ||   678
Evoke: Wand              |       |     1 |       ||     1
  Use: Scroll            |     6 |     9 |    12 ||    27
       Potion            |     1 |     1 |       ||     2
 Stab: Confused          |       |     1 |     1 ||     2
  Eat: Chunk             |    11 |    24 |    40 ||    75
